| TOP OF THE 1ST |
|
Geneva Red Legs batting - Pitching for Auburn Red Stars : LHP Miguel Villalobos
|
|
Pitching: LHP Miguel Villalobos
|
|
|
Batting: RHB Bob Brower
|
0-0: Called Strike 0-1: Ball 1-1: Called Strike 1-2: Ball 2-2: Fly out, F2 (Popup, 2RF, EV 88.1 MPH)
|
|
Batting: RHB Ricky Velasquez
|
0-0: Ball 1-0: Fly out, F7 (Flyball, 7, EV 70.6 MPH)
|
|
Batting: LHB Mike Kingery
|
0-0: Ball 1-0: Called Strike 1-1: Ball 2-1: Foul Ball, location: 2F 2-2: Foul Ball, location: 2F 2-2: Ball 3-2: Foul Ball, location: 2F 3-2: Base on Balls
|
|
Batting: LHB Orsino Hill
|
0-0: Called Strike 0-1: Swinging Strike 0-2: Foul Ball, location: 2F 0-2: Ball Mike Kingery steals 2nd base 1-2: Foul Ball, location: 2F 1-2: Foul Ball, location: 2F 1-2: Ground out 4-3 (Groundball, 4, EV 91.9 MPH)
|
| Top of the 1st over - 0 runs, 0 hits, 0 errors, 1 left on base; Geneva 0 - Auburn 0 |
| BOTTOM OF THE 1ST |
|
Auburn Red Stars batting - Pitching for Geneva Red Legs : RHP Jerry Jenkins
|
|
Pitching: RHP Jerry Jenkins
|
|
|
Batting: RHB Jose Rodriguez
|
0-0: Ground out 6-3 (Groundball, 6, EV 98.1 MPH)
|
|
Batting: RHB Clemente Acuna
|
0-0: Called Strike 0-1: Ground out 5-3 (Groundball, 56S, EV 80.6 MPH)
|
|
Batting: LHB Ricardo Perrez
|
0-0: Ball 1-0: Called Strike 1-1: Fly out, F6 (Popup, 6, EV 58.1 MPH)
|
| Bottom of the 1st over - 0 runs, 0 hits, 0 errors, 0 left on base; Geneva 0 - Auburn 0 |
| TOP OF THE 2ND |
|
Geneva Red Legs batting - Pitching for Auburn Red Stars : LHP Miguel Villalobos
|
|
Batting: RHB Victor Mendoza
|
0-0: Called Strike 0-1: Ball 1-1: Ground out U3 (Groundball, 34, EV 85.6 MPH)
|
|
Batting: LHB Louis Sottile
|
0-0: Swinging Strike 0-1: Foul Ball, location: 2F 0-2: Strikes out swinging
|
|
Batting: RHB Robby Thompson
|
0-0: Fly out, F8 (Flyball, 8RXD, EV 89.4 MPH)
|
| Top of the 2nd over - 0 runs, 0 hits, 0 errors, 0 left on base; Geneva 0 - Auburn 0 |
| BOTTOM OF THE 2ND |
|
Auburn Red Stars batting - Pitching for Geneva Red Legs : RHP Jerry Jenkins
|
|
Batting: RHB Alfredo Torres
|
0-0: SINGLE (Line Drive, 8LS, EV 111.3 MPH)
|
|
Batting: RHB Steve McQueen
|
0-0: Ball 1-0: Foul Ball, location: 2F 1-1: Swinging Strike 1-2: Strikes out swinging
|
|
Batting: RHB William Chamberlain
|
0-0: Ball 1-0: SINGLE (Groundball, 6MD, EV 95.0 MPH) Alfredo Torres to second Runner from 2nd tries for 3rd, SAFE, throw by CF made to third
|
|
Batting: SHB Alan Wiggins
|
0-0: Fielders Choice at 2nd, 4-6 (Groundball, 4, EV 83.1 MPH) Alfredo Torres scores
|
|
Batting: LHB Luis Roman
|
0-0: Ball 1-0: Ball 2-0: Called Strike 2-1: Called Strike 2-2: Strikes out swinging
|
| Bottom of the 2nd over - 1 run, 2 hits, 0 errors, 1 left on base; Geneva 0 - Auburn 1 |
| TOP OF THE 3RD |
|
Geneva Red Legs batting - Pitching for Auburn Red Stars : LHP Miguel Villalobos
|
|
Batting: LHB Juan Araujo
|
0-0: Fly out, F8 (Flyball, 8RS, EV 88.8 MPH)
|
|
Batting: RHB Danny Reyes
|
0-0: Fly out, F7 (Flyball, 78M, EV 92.5 MPH)
|
|
Batting: RHB Bob Brower
|
0-0: Ball 1-0: Called Strike 1-1: Ground out 6-3 (Groundball, 6, EV 88.1 MPH)
|
| Top of the 3rd over - 0 runs, 0 hits, 0 errors, 0 left on base; Geneva 0 - Auburn 1 |
| BOTTOM OF THE 3RD |
|
Auburn Red Stars batting - Pitching for Geneva Red Legs : RHP Jerry Jenkins
|
|
Batting: RHB Antonio Quevedo
|
0-0: SINGLE (Line Drive, 9LS, EV 109.4 MPH)
|
|
Batting: RHB Jose Rodriguez
|
0-0: Ball 1-0: Ball 2-0: Foul Ball, location: 2F 2-1: Called Strike 2-2: Foul Ball, location: 2F 2-2: Fielders Choice at 2nd, 6-4 (Groundball, 6, EV 94.4 MPH)
|
|
Batting: RHB Clemente Acuna
|
0-0: Ball 1-0: Fly out, F9 (Flyball, 9D, EV 95.0 MPH)
|
|
Batting: LHB Ricardo Perrez
|
0-0: Ball 1-0: Called Strike 1-1: Fly out, F8 (Flyball, 8LD, EV 93.1 MPH)
|
| Bottom of the 3rd over - 0 runs, 1 hit, 0 errors, 1 left on base; Geneva 0 - Auburn 1 |
| TOP OF THE 4TH |
|
Geneva Red Legs batting - Pitching for Auburn Red Stars : LHP Miguel Villalobos
|
|
Batting: RHB Ricky Velasquez
|
0-0: Foul Ball, location: 2F 0-1: Called Strike 0-2: Foul Ball, location: 2F 0-2: Foul Ball, location: 2F 0-2: Strikes out looking
|
|
Batting: LHB Mike Kingery
|
0-0: Ball 1-0: Called Strike 1-1: Foul Ball, location: 2F 1-2: Ball 2-2: Fly out, F9 (Line Drive, 9, EV 94.4 MPH)
|
|
Batting: LHB Orsino Hill
|
0-0: Swinging Strike 0-1: DOUBLE (Line Drive, 7LS, EV 108.8 MPH)
|
|
Batting: RHB Victor Mendoza
|
0-0: Ball 1-0: Ball 2-0: Ball 3-0: Called Strike 3-1: DOUBLE (Groundball, 5L, EV 106.9 MPH) Orsino Hill scores
|
|
Batting: LHB Louis Sottile
|
0-0: Foul Ball, location: 2F 0-1: Called Strike 0-2: Foul Ball, location: 2F 0-2: Foul Ball, location: 2F 0-2: Strikes out looking
|
| Top of the 4th over - 1 run, 2 hits, 0 errors, 1 left on base; Geneva 1 - Auburn 1 |
| BOTTOM OF THE 4TH |
|
Auburn Red Stars batting - Pitching for Geneva Red Legs : RHP Jerry Jenkins
|
|
Batting: RHB Alfredo Torres
|
0-0: Ball 1-0: Called Strike 1-1: Swinging Strike 1-2: Ball 2-2: Ground out 6-3 (Groundball, 6, EV 87.5 MPH)
|
|
Batting: RHB Steve McQueen
|
0-0: Called Strike 0-1: Fly out, F6 (Line Drive, 6, EV 68.1 MPH)
|
|
Batting: RHB William Chamberlain
|
0-0: Ball 1-0: Foul Ball, location: 2F 1-1: Ball 2-1: Foul Ball, location: 2F 2-2: Foul Ball, location: 2F 2-2: SINGLE (Flyball, 4MD, EV 88.8 MPH)
|
|
Batting: SHB Alan Wiggins
|
0-0: Ball 1-0: SINGLE (Groundball, 5S, EV 73.8 MPH) (infield hit) William Chamberlain to second
|
|
Batting: LHB Luis Roman
|
0-0: Swinging Strike 0-1: Called Strike 0-2: Strikes out swinging
|
| Bottom of the 4th over - 0 runs, 2 hits, 0 errors, 2 left on base; Geneva 1 - Auburn 1 |
| TOP OF THE 5TH |
|
Geneva Red Legs batting - Pitching for Auburn Red Stars : LHP Miguel Villalobos
|
|
Batting: RHB Robby Thompson
|
0-0: Called Strike 0-1: Ball 1-1: Called Strike 1-2: Strikes out swinging
|
|
Batting: LHB Juan Araujo
|
0-0: Ball 1-0: Ground out 5-3 (Groundball, 56S, EV 65.0 MPH)
|
|
Batting: RHB Danny Reyes
|
0-0: Called Strike 0-1: Called Strike 0-2: Ball 1-2: SINGLE (Groundball, 56, EV 99.4 MPH) (infield hit)
|
|
Batting: RHB Bob Brower
|
0-0: Foul Ball, location: 2F 0-1: Ball 1-1: Ball 2-1: Ball 3-1: Called Strike 3-2: SINGLE (Flyball, 78S, EV 88.8 MPH) Danny Reyes to second Danny Reyes to third
|
|
Batting: RHB Ricky Velasquez
|
Pickoff Throw to First - Error! E1 Danny Reyes scores Bob Brower to second 0-0: Single, Error in OF, E7, batter to second base (Groundball, 56D, EV 93.8 MPH) Bob Brower scores
|
|
Batting: LHB Mike Kingery
|
0-0: SINGLE (Line Drive, 34D, EV 94.4 MPH) Ricky Velasquez to third Runner from 3rd tries for Home, throw by RF and OUT! 9-2
|
| Top of the 5th over - 2 runs, 4 hits, 2 errors, 1 left on base; Geneva 3 - Auburn 1 |
| BOTTOM OF THE 5TH |
|
Auburn Red Stars batting - Pitching for Geneva Red Legs : RHP Jerry Jenkins
|
|
Batting: RHB Antonio Quevedo
|
0-0: Ground out 1-3 (Groundball, 15, EV 69.4 MPH)
|
|
Batting: RHB Jose Rodriguez
|
0-0: Foul Ball, location: 2F 0-1: Ball 1-1: Ball 2-1: Ball 3-1: Base on Balls
|
|
Batting: RHB Clemente Acuna
|
0-0: Swinging Strike 0-1: Ball Jose Rodriguez steals 2nd base (no throw) 1-1: Ball 2-1: Foul Ball, location: 2F 2-2: Ball 3-2: SINGLE (Groundball, 6S, EV 72.5 MPH) (infield hit) Jose Rodriguez to third
|
|
Batting: LHB Ricardo Perrez
|
0-0: Ball 1-0: Foul Ball, location: 2F 1-1: Fly out, F8 (Flyball, 78D, EV 91.9 MPH) Runner from 3rd tags up, SCORES, throw by CF
|
|
Batting: RHB Alfredo Torres
|
0-0: Ball 1-0: Ball 2-0: Swinging Strike 2-1: Ball 3-1: SINGLE (Line Drive, 4MD, EV 98.8 MPH) Clemente Acuna to second Runner from 2nd tries for 3rd, SAFE, throw by CF made to third
|
|
Batting: RHB Steve McQueen
|
0-0: Ball 1-0: Ball 2-0: Foul Ball, location: 2F 2-1: Ball 3-1: Foul Ball, location: 2F 3-2: Fly out, F8 (Flyball, 8LD, EV 104.4 MPH)
|
| Bottom of the 5th over - 1 run, 2 hits, 0 errors, 2 left on base; Geneva 3 - Auburn 2 |
| TOP OF THE 6TH |
|
Geneva Red Legs batting - Pitching for Auburn Red Stars : LHP Miguel Villalobos
|
|
Batting: LHB Orsino Hill
|
0-0: Ball 1-0: Ball 2-0: Called Strike 2-1: Ball 3-1: SINGLE (Line Drive, 6M, EV 110.6 MPH)
|
|
Batting: RHB Victor Mendoza
|
0-0: Called Strike 0-1: Foul Ball, location: 2F 0-2: SINGLE (Groundball, 6MD, EV 98.8 MPH) Orsino Hill to second
|
|
Batting: LHB Louis Sottile
|
0-0: Called Strike 0-1: Ball 1-1: Foul Ball, location: 2F 1-2: Ball 2-2: Ball 3-2: Base on Balls Orsino Hill to third Victor Mendoza to second
|
|
Batting: RHB Robby Thompson
|
0-0: Ball 1-0: Called Strike 1-1: Foul Ball, location: 2F 1-2: Foul Ball, location: 2F 1-2: Ball 2-2: Fly out, F8 (Flyball, 89XD, EV 78.1 MPH) Runner from 3rd tags up, SCORES, no throw by CF
|
|
Batting: LHB Juan Araujo
|
0-0: Ball 1-0: Fly out, F9 (Flyball, 9LS, EV 86.9 MPH)
|
|
Batting: RHB Danny Reyes
|
0-0: Ball 1-0: Swinging Strike 1-1: Ball 2-1: Swinging Strike 2-2: Ball 3-2: Strikes out swinging
|
| Top of the 6th over - 1 run, 2 hits, 0 errors, 2 left on base; Geneva 4 - Auburn 2 |
| BOTTOM OF THE 6TH |
|
Auburn Red Stars batting - Pitching for Geneva Red Legs : RHP Jerry Jenkins
|
|
Batting: RHB William Chamberlain
|
0-0: Ground out 5-3 (Groundball, 5S, EV 84.4 MPH)
|
|
Batting: SHB Alan Wiggins
|
0-0: Ball 1-0: Ball 2-0: SINGLE (Flyball, 6D, EV 88.8 MPH)
|
|
Batting: LHB Luis Roman
|
0-0: Ball 1-0: Called Strike 1-1: Swinging Strike 1-2: Foul Ball, location: 2F 1-2: Strikes out swinging Alan Wiggins steals 2nd base (no throw) Batter strikes out.
|
|
Batting: RHB Antonio Quevedo
|
0-0: Called Strike 0-1: Ball 1-1: Foul Ball, location: 2F 1-2: Ball 2-2: Strikes out swinging
|
| Bottom of the 6th over - 0 runs, 1 hit, 0 errors, 1 left on base; Geneva 4 - Auburn 2 |
| TOP OF THE 7TH |
|
Geneva Red Legs batting - Pitching for Auburn Red Stars : LHP Miguel Villalobos
|
|
Pitching: RHP Paul Gnacinski
|
|
|
Batting: RHB Bob Brower
|
0-0: Foul Ball, location: 2F 0-1: Ball 1-1: Foul Ball, location: 2F 1-2: Strikes out looking
|
|
Batting: RHB Ricky Velasquez
|
0-0: Ball 1-0: Foul Ball, location: 2F 1-1: Called Strike 1-2: Foul Ball, location: 2F 1-2: Ball 2-2: SINGLE (Line Drive, 78M, EV 106.3 MPH)
|
|
Batting: LHB Mike Kingery
|
0-0: Called Strike 0-1: Foul Ball, location: 2F 0-2: Ball 1-2: Fly out, F7 (Flyball, 7, EV 90.0 MPH)
|
|
Batting: LHB Orsino Hill
|
0-0: Ball 1-0: Called Strike 1-1: Ball Passed Ball! Ricky Velasquez to second 2-1: Called Strike 2-2: Ball 3-2: Base on Balls
|
|
Batting: RHB Victor Mendoza
|
0-0: Ball 1-0: DOUBLE (Line Drive, 89XD, EV 101.3 MPH) Ricky Velasquez scores Orsino Hill to third Runner from 3rd tries for Home, SAFE, no throw by RF
|
|
Batting: LHB Louis Sottile
|
0-0: Foul Ball, location: 2F 0-1: SINGLE (Groundball, 4MD, EV 107.5 MPH) Victor Mendoza to third Runner from 3rd tries for Home, SAFE, throw by CF to home
|
|
Pitching: RHP Mike Martinez
|
|
|
Batting: RHB Robby Thompson
|
0-0: Ball 1-0: Ball 2-0: Ball 3-0: Base on Balls Louis Sottile to second
|
|
Batting: LHB Juan Araujo
|
0-0: Ball 1-0: Ball 2-0: Called Strike 2-1: Ball 3-1: Foul Ball, location: 2F 3-2: Foul Ball, location: 2F 3-2: Base on Balls Louis Sottile to third Robby Thompson to second
|
|
Batting: RHB Danny Reyes
|
0-0: Ball 1-0: Foul Ball, location: 2F 1-1: Ball 2-1: Ball 3-1: Ground out 5-3 (Groundball, 5S, EV 64.4 MPH)
|
| Top of the 7th over - 3 runs, 3 hits, 0 errors, 3 left on base; Geneva 7 - Auburn 2 |
| BOTTOM OF THE 7TH |
|
Auburn Red Stars batting - Pitching for Geneva Red Legs : RHP Jerry Jenkins
|
|
Batting: RHB Jose Rodriguez
|
0-0: Swinging Strike 0-1: Called Strike 0-2: Strikes out looking
|
|
Batting: RHB Clemente Acuna
|
0-0: SINGLE (Groundball, 4D, EV 106.9 MPH)
|
|
Batting: LHB Ricardo Perrez
|
0-0: Called Strike 0-1: Swinging Strike 0-2: Grounds into double play, 6-4-3 (Groundball, 6, EV 94.4 MPH)
|
| Bottom of the 7th over - 0 runs, 1 hit, 0 errors, 0 left on base; Geneva 7 - Auburn 2 |
| TOP OF THE 8TH |
|
Geneva Red Legs batting - Pitching for Auburn Red Stars : RHP Mike Martinez
|
|
Batting: RHB Bob Brower
|
0-0: Ball 1-0: Ball 2-0: Foul Ball, location: 2F 2-1: Foul Ball, location: 2F 2-2: Ball 3-2: Ground out 6-3 (Groundball, 6, EV 92.5 MPH)
|
|
Batting: RHB Ricky Velasquez
|
0-0: Ball 1-0: Called Strike 1-1: Called Strike 1-2: Ball 2-2: Ground out 2-3 (Groundball, 13S, EV 68.1 MPH)
|
|
Batting: LHB Mike Kingery
|
0-0: Called Strike 0-1: Swinging Strike 0-2: Foul Ball, location: 2F 0-2: Ball 1-2: Strikes out swinging
|
| Top of the 8th over - 0 runs, 0 hits, 0 errors, 0 left on base; Geneva 7 - Auburn 2 |
| BOTTOM OF THE 8TH |
|
Auburn Red Stars batting - Pitching for Geneva Red Legs : RHP Jerry Jenkins
|
|
Batting: RHB Alfredo Torres
|
0-0: SINGLE (Flyball, 78S, EV 92.5 MPH)
|
|
Batting: RHB Steve McQueen
|
0-0: Ball 1-0: Called Strike 1-1: Ball 2-1: Ball 3-1: Swinging Strike 3-2: SINGLE (Groundball, 6D, EV 106.3 MPH) Alfredo Torres to second Alfredo Torres to third
|
|
Batting: RHB William Chamberlain
|
0-0: Foul Ball, location: 2F 0-1: Fly out, F7 (Flyball, 78S, EV 90.0 MPH)
|
|
Batting: SHB Alan Wiggins
|
0-0: Ball 1-0: Foul Ball, location: 2F 1-1: Foul Ball, location: 2F 1-2: Fly out, F9 (Flyball, 9LD, EV 100.0 MPH) Runner from 3rd tags up, SCORES, throw by RF
|
|
Batting: LHB Luis Roman
|
0-0: Called Strike 0-1: Ball 1-1: Foul Ball, location: 2F 1-2: Ground out 4-3 (Groundball, 4, EV 88.1 MPH)
|
| Bottom of the 8th over - 1 run, 2 hits, 0 errors, 1 left on base; Geneva 7 - Auburn 3 |
| TOP OF THE 9TH |
|
Geneva Red Legs batting - Pitching for Auburn Red Stars : RHP Mike Martinez
|
|
Batting: LHB Orsino Hill
|
0-0: Called Strike 0-1: Swinging Strike 0-2: Ball 1-2: Ball 2-2: Strikes out swinging
|
|
Batting: RHB Victor Mendoza
|
0-0: Ball 1-0: Ball 2-0: Foul Ball, location: 2F 2-1: Foul Ball, location: 2F 2-2: Fly out, F7 (Flyball, 78M, EV 87.5 MPH)
|
|
Batting: LHB Louis Sottile
|
0-0: Foul Ball, location: 2F 0-1: Ground out 4-3 (Groundball, 4, EV 90.6 MPH)
|
| Top of the 9th over - 0 runs, 0 hits, 0 errors, 0 left on base; Geneva 7 - Auburn 3 |
| BOTTOM OF THE 9TH |
|
Auburn Red Stars batting - Pitching for Geneva Red Legs : RHP Jerry Jenkins
|
|
Batting: RHB Antonio Quevedo
|
0-0: Called Strike 0-1: Fly out, F7 (Flyball, 7S, EV 85.6 MPH)
|
|
Batting: RHB Jose Rodriguez
|
0-0: Ball 1-0: Ball 2-0: Ball 3-0: Called Strike 3-1: Base on Balls
|
|
Batting: RHB Clemente Acuna
|
0-0: Foul Ball, location: 2F 0-1: Ball 1-1: Called Strike 1-2: Ball 2-2: Ball 3-2: Foul Ball, location: 2F 3-2: Base on Balls Jose Rodriguez to second
|
|
Batting: LHB Ricardo Perrez
|
0-0: Ball 1-0: Swinging Strike 1-1: Fly out, F7 (Flyball, 7, EV 91.9 MPH)
|
|
Batting: RHB Alfredo Torres
|
0-0: Ball 1-0: Called Strike 1-1: Ball 2-1: Fly out, F8 (Flyball, 89D, EV 86.3 MPH)
|
| Bottom of the 9th over - 0 runs, 0 hits, 0 errors, 2 left on base; Geneva 7 - Auburn 3 |
|